Mecha, neutral female human Wizard ----- |<..--- |.....-- --.)|.... --.|-.... --|..h... ---@| --- Mecha the Conjurer Experience level: 5 Strength: 11 Dexterity: 14 Constitution: 15 Intelligence: 18 Wisdom: 9 Charisma: 10 Health: 0(33) Energy: 46(46) Def: 4 Gold: 142 Moves: 2285 Dungeon seed: evCr06m6FrBbZHvp Game ID: Mecha_1478418803 Your Inventory: Coins $ - 142 gold pieces Weapons p - 2 +0 orcish daggers v - a blessed +1 orcish dagger (weapon in hand) B - 24 +0 crossbow bolts E - 37 +0 arrows I - 2 cursed +0 daggers J - a +1 arrow O - 10 +0 daggers (in quiver) Q - 12 blessed +1 arrows T - a cursed -2 arrow Armor e - an uncursed +2 cloak of magic resistance (being worn) q - an uncursed +0 orcish helm (being worn) Comestibles w - 2 uncursed fortune cookies x - an uncursed food ration S - an uncursed partly eaten food ration Scrolls i - an uncursed scroll of confuse monster k - a blessed scroll of confuse monster n - a cursed scroll of enchant weapon A - a cursed scroll of enchant armor P - an uncursed scroll of identify Spellbooks l - a blessed spellbook of force bolt m - an uncursed spellbook of protection K - an uncursed spellbook of fireball Potions f - an uncursed potion of blindness g - an uncursed potion of water h - an uncursed potion of oil s - an uncursed potion of object detection M - an uncursed potion of confusion Rings c - an uncursed ring of protection from shape changers (on right hand) d - an uncursed ring of poison resistance (on left hand) Wands b - a wand of light (0:11) Tools D - 2 uncursed wax candles (0:400) F - a +0 pick-axe G - an uncursed towel U - an uncursed partly used tallow candle (lit) (0:82) Gems r - an uncursed worthless piece of violet glass y - an uncursed flint stone z - an uncursed worthless piece of white glass R - an uncursed worthless piece of blue glass V - an uncursed amber stone Y - an uncursed worthless piece of yellow glass Spells and supernatural/magical abilities: Name Level Category Fail Memory a - force bolt 1 attack 0% 89% p - protection 1 clerical 0% 89% W - pray for help -- divine ? -- Your skills at the end: Fighting Skills Weapon Skills dagger [Basic] quarterstaff [Basic] Spellcasting Skills attack spells [Basic] enchantment spells [Basic] Final Attributes: You were piously aligned. You were poison resistant. You were magic-protected. You saw invisible. You were protected from shape changers. You are dead. Vanquished creatures: a water nymph 3 gnome lords 2 gnomish wizards 6 dwarves 2 hobbits 15 gnomes 2 geckos 2 jackals a fox a kobold 4 goblins 3 sewer rats 3 grid bugs a bat 3 lichens 2 newts 51 creatures vanquished. Voluntary challenges: You used a wielded weapon 82 times, starting on turn 146. You read items or engraved 3 times, starting on turn 1834. You never genocided any monsters. You never polymorphed an object. You never changed form. You used no wishes. You never split a pudding. You never wrote Elbereth's name. You never violated your personal moral code. Dungeon overview: The Dungeons of Doom: levels 1 to 2 Level 1 an altar to Thoth, a sink a long staircase Level 2 a fountain stairs to The Gnomish Mines The Gnomish Mines: levels 3 to 5 Level 3 stairs to The Dungeons of Doom Level 4 Level 5 <- You were here History has recorded: On T:1 you entered the Dungeons of Doom to retrieve the Amulet of Yendor! On T:453 you advanced to experience level 2. On T:554 you reached level 2 of The Dungeons of Doom. On T:832 you advanced to experience level 3. On T:1583 you reached level 1 of The Gnomish Mines. On T:1637 you advanced to experience level 4. On T:1947 you reached level 2 of The Gnomish Mines. On T:1962 you advanced to experience level 5. On T:2222 you reached level 3 of The Gnomish Mines. Score breakdown: Gold: 142 ( 7331 points) Experience: 5 levels (11141 points) Exploration: 5 levels ( 10.64%) ( 8846 points) Discoveries: 2 items ( 0.69%) ( 2495 points) Valuables value: (no points given unless you survive) Artifact value: 0 ( 0 points) Variety of kills: 16 monsters ( 4.20%) ( 6147 points) Turncount: 2285 turns ( -197 points) Survival: died (score multiplied by 80%) Total score: 28610 Latest messages: The kitten misses the dwarf. You hit the dwarf. The kitten bites the dwarf. The dwarf is killed! The kitten eats a dwarf corpse. You displace your kitten. There are several objects here. You drop a bag of tricks. You drop a hooded cloak. There are several objects here. There are a few objects here. You fall down the stairs. You displace your kitten. You see here a flail. The kitten misses the dwarf. (2x) You hear some noises. You hit the dwarf. You miss the dwarf. The dwarf wields a broad short sword! You miss the dwarf. The dwarf thrusts his broad short sword. The dwarf hits! You die... Final status: Goodbye Mecha the Wizard, killed by a dwarf... You died in The Gnomish Mines on dungeon level 5 with 28610 points, and 142 pieces of gold, after 2285 moves. You were level 5 with a maximum of 33 hit points when you died.